 Dungeon Crawl Stone Soup version 0.23-a0-481-g60b89c1 (webtiles) character file.

998 bluebaby the Covered (level 8, 49/62 HPs)
             Began as a Demonspawn Fighter on Nov 30, 2018.
             Quit the game on level 4 of the Dungeon.
             The game lasted 00:10:21 (4161 turns).

bluebaby the Covered (Demonspawn Fighter)           Turns: 4161, Time: 00:10:22

Health: 49/62      AC: 14    Str: 17    XL:     8   Next: 0%
Magic:  8/8        EV:  7    Int: 12    God:
Gold:   255        SH:  0    Dex: 12    Spells: 7/7 levels left

rFire    . . .     SeeInvis .   r - +5 dire flail (venom)
rCold    . . .     Gourm    .   (shield currently unavailable)
rNeg     . . .     Faith    .   q - +0 chain mail
rPois    +         Spirit   .   (no helmet)
rElec    .         Reflect  .   m - +0 cloak
rCorr    .         Harm     .   (no gloves)
MR       .....                  y - +0 pair of boots
Stlth    ..........             t - amulet of magic regeneration
HPRegen  0.20/turn              u - ring of attention (curse)
MPRegen  0.36/turn              p - ring of poison resistance

@: no status effects
A: claws 2, yellow scales 1, demonic guardian 1, nightstalker 2
a: no special abilities


You were on level 4 of the Dungeon.
You were hungry.

You visited 1 branch of the dungeon, and saw 5 of its levels.

You collected 255 gold pieces.

Inventory:

Hand Weapons
 a - a +0 war axe
 r - a +5 dire flail of venom (weapon)
Missiles
 e - 77 stones (quivered)
 z - a throwing net
Armour
 b - a +0 scale mail
 c - a +0 shield
 m - a +0 cloak (worn)
 q - a +0 chain mail (worn)
 w - a +2 leather armour of fire resistance
 y - a +0 pair of boots (worn)
Jewellery
 i - an uncursed ring of stealth
 p - a ring of poison resistance (right claw)
 t - an amulet of magic regeneration (around neck)
 u - a cursed ring of attention (left claw)
Wands
 g - a wand of scattershot (1)
Scrolls
 h - 4 scrolls of teleportation {unknown}
 j - 2 scrolls of remove curse {unknown}
 k - 3 scrolls of identify {unknown}
 s - a scroll of immolation {unknown}
 v - a scroll of amnesia {unknown}
 x - a scroll of blinking {unknown}
Potions
 d - a potion of might
 l - 4 potions of invisibility {unknown}
 n - a potion of degeneration {unknown}
 o - a potion of haste {unknown}
 A - a potion of curing {unknown}
 B - 2 potions of magic {unknown}
 C - a potion of flight {unknown}
Comestibles
 f - 11 rations


   Skills:
 + Level 5.3 Fighting
 - Level 4.0 Axes
 + Level 5.4 Armour
 - Level 0.4 Dodging
 - Level 0.2 Stealth
 + Level 4.9 Shields


You had 7 spell levels left.
You didn't know any spells.
Your spell library contained the following spells:

 Spells                   Type           Power        Failure   Level  Hunger
 Animate Skeleton         Necr           N/A          99%         1    ##.....
 Pain                     Necr           #...         99%         1    ##.....


Dungeon Overview and Level Annotations

Branches:
Dungeon (5/15)
 Temple: D:4-7

Altars:
Gozag

Annotations:
D:2 exclusion: downstairs
D:4 3 runed doors, KittyKrap's ghost, novice TrFi


Innate Abilities, Weirdness & Mutations

You have very sharp fingernails.
You are partially covered in yellow scales. (AC +2)
A weak demonic guardian rushes to your aid.
You are significantly more attuned to the shadows.


Message History

The orc closely misses you.
You hit the orc but do no damage.
The orc is poisoned.
The orc is almost dead.
The orc hits you but does no damage.
You hit the orc.
You kill the orc!
You have reached level 8!
You feel stronger.
Your demonic ancestry asserts itself...
You slip further into the darkness.
Things that are here:
a +0 morningstar; a +0 leather armour; a +0 scale mail There isn't anything to butcher here.
There is a stone staircase leading down here.
C - a dark potion You now have 255 gold pieces (gained 5).
Things that are here:
a +4 vampiric dagger; a +0 robe; a +0 halberd There isn't anything to butcher here.
There is a stone staircase leading down here.
Are you sure you want to abandon this character and quit the game? (Confirm

..#.#.#.#.#.#.#.........##.......
....#.#.#...#.......######...####
......#.#.###............'.......
..#####.#........##..#####...####
#.# #.#######.......# #...##..
#.# #.# #..##...#########.#
#.#####.# #........##.8$###.#
........# ##)#.....#a.W..#..#
..####### #@##..#.+....8#### ..#
##).....+a_8.∩#... ..#
#......+....8#### ..#
#....#.#.....#### ..#
#....#.##∩8∩##... ### #.......#
###.... #...##### #...... #...#
#...... #...# #......


There were no monsters in sight!

Vanquished Creatures
  Sigmund (D:3)
  A howler monkey (D:5)
  A crimson imp (D:5)
  2 hounds (D:4)
  An orc wizard (D:4)
  Jessica (D:3)
  Ijyb (D:3)
  An iguana (D:4)
  3 worker ants
  9 gnolls
  7 adders
  A shadow imp (D:5)
  An ooze (D:1)
  A worm (D:2)
  2 dart slugs
  4 leopard geckos
  7 orcs (D:4)
  12 bats
  4 giant cockroaches
  6 goblins
  6 hobgoblins
  5 quokkas
  5 frilled lizards
  6 kobolds
  7 rats
95 creatures vanquished.

Vanquished Creatures (collateral kills)
  Edmund (D:4)
  A sky beast (D:5)
  A centaur (D:5)
  A hound (D:5)
  An orc priest (D:3)
  An orc wizard (D:3)
  2 gnolls (D:5)
  An orc (D:3)
9 creatures vanquished.

Grand Total: 104 creatures vanquished

Notes
Turn   | Place    | Note
-------+----------+-------------------------------------------
     0 | D:1      | bluebaby the Demonspawn Fighter began the quest for the
                  | Orb.
     0 | D:1      | Reached XP level 1. HP: 18/18 MP: 1/1
   173 | D:1      | Gained mutation: You are partially covered in yellow
                  | scales. (AC +2) [demonic ancestry]
   173 | D:1      | Reached XP level 2. HP: 24/24 MP: 2/2
   687 | D:2      | Gained mutation: A weak demonic guardian rushes to your
                  | aid. [demonic ancestry]
   687 | D:2      | Reached XP level 3. HP: 21/29 MP: 3/3
  1443 | D:3      | Gained mutation: You are slightly more attuned to the
                  | shadows. [demonic ancestry]
  1443 | D:3      | Reached XP level 4. HP: 32/35 MP: 4/4
  1470 | D:3      | Noticed Ijyb
  1759 | D:3      | Killed Ijyb
  1769 | D:3      | Noticed Sigmund
  1881 | D:3      | Killed Sigmund
  1881 | D:3      | Gained mutation: You have sharp fingernails. [demonic
                  | ancestry]
  1881 | D:3      | Reached XP level 5. HP: 34/42 MP: 5/5
  1881 | D:3      | Gained mutation: You have very sharp fingernails. [demonic
                  | ancestry]
  1881 | D:3      | Reached XP level 6. HP: 39/48 MP: 6/6
  2175 | D:3      | Noticed Jessica
  2183 | D:3      | Killed Jessica
  2288 | D:3      | Identified Jessica's Papyrus of Necromancy
  2427 | D:4      | Noticed Edmund
  2465 | D:4      | Killed Edmund
  3015 | D:4      | Reached XP level 7. HP: 45/55 MP: 7/7
  3162 | D:4      | Found a runed gate.
  3162 | D:4      | Found a runed gate.
  3162 | D:4      | Found an opulent altar of Gozag.
  3181 | D:4      | Found a runed gate.
  3354 | D:4      | Noticed KittyKrap's ghost (novice TrFi)
  3365 | D:5      | Entered Level 5 of the Dungeon
  3709 | D:5      | Reached skill level 5 in Fighting
  3713 | D:5      | Reached skill level 5 in Armour
  4155 | D:4      | Gained mutation: You are significantly more attuned to the
                  | shadows. [demonic ancestry]
  4155 | D:4      | Reached XP level 8. HP: 48/62 MP: 8/8
  4161 | D:4      | Quit the game

Vault maps used:
D:1:      dpeg_arrival_orchard
D:2:      first_ration
D:3:      kennysheep_jessica_study, uniq_sigmund, uniq_ijyb
D:4:      ebering_ghost_gozag, uniq_edmund
D:5:      minmay_temple_entry_nine_rooms

Skill      XL: |  1  2  3  4  5  6  7 |
---------------+----------------------+-----
Axes           | 2 4 |  4.0
Shields        | 3 4 |  4.9
Armour         | 3 4 5 |  5.4
Fighting       | 4 5 |  5.3
Dodging        | |  0.4
Stealth        | |  0.2

Action                   |  1- 3 |  4- 6 |  7- 9 || total
-------------------------+-------+-------+-------++-------
Melee: War axe           |   133 |    93 |       ||   226
       Dire flail        |       |    23 |    77 ||   100
Evoke: Wand              |       |     2 |       ||     2
  Eat: Chunk             |     2 |     5 |     3 ||    10
Armor: Scale mail        |    62 |       |       ||    62
       Chain mail        |    24 |    94 |    80 ||   198
Dodge: Dodged            |    33 |    20 |    45 ||    98
Block: Shield            |    85 |    59 |       ||   144

Table legend:
 A = Non-vault XP
 B = Vault XP
 C = Vault XP percentage of total XP
 D = Non-vault monster count
 E = Vault monster count
 F = Vault count percentage of total count
                 A         B        C        D         E       F
            +---------+---------+-------+---------+---------+-------
      Total |    1030 |     397 |  27.8 |      99 |       5 |   4.8
            +---------+---------+-------+---------+---------+-------
        D:1 |      37 |       0 |   0.0 |      20 |       0 |   0.0
        D:2 |      50 |       0 |   0.0 |      23 |       0 |   0.0
        D:3 |     164 |     277 |  62.8 |      23 |       4 |  14.8
        D:4 |     302 |     120 |  28.4 |      19 |       1 |   5.0
        D:5 |     477 |       0 |   0.0 |      14 |       0 |   0.0
            +---------+---------+-------+---------+---------+-------
